TOP OF THE 1ST |
Colorado (EL) Rockies batting - Pitching for Reading Fightin Phils : RHP Manny Cordova
|
Pitching: RHP Manny Cordova
|
|
Batting: RHB Mike McElroy
|
0-0: Ball 1-0: Ball 2-0: Ball 3-0: Called Strike 3-1: Base on Balls
|
Batting: LHB Tomoya Hashimoto
|
0-0: Ball 1-0: Grounds into double play, 4-6-3 (Groundball, 4, EV 79.4 MPH)
|
Batting: SHB Jeff Sorrels
|
0-0: Foul Ball, location: 2F 0-1: Ball 1-1: Ball 2-1: Ball 3-1: Base on Balls
|
Batting: LHB Matt Calitri
|
0-0: Ball 1-0: Ball 2-0: Called Strike 2-1: Called Strike 2-2: Fielders Choice at 2nd, 5-4 (Groundball, 5, EV 105.0 MPH)
|
Top of the 1st over - 0 runs, 0 hits, 0 errors, 1 left on base; Colorado (EL) 0 - Reading 0 |
BOTTOM OF THE 1ST |
Reading Fightin Phils batting - Pitching for Colorado (EL) Rockies : LHP Vinny Duarte
|
Pitching: LHP Vinny Duarte
|
|
Batting: RHB Prabhukumar Santhanakrishnan
|
0-0: Ground out 6-3 (Groundball, 6, EV 85.6 MPH)
|
Batting: RHB Mark Schultz
|
0-0: Called Strike 0-1: Foul Ball, location: 2F 0-2: Strikes out swinging
|
Batting: LHB Josh George
|
0-0: Foul Ball, location: 2F 0-1: Foul Ball, location: 2F 0-2: Strikes out swinging
|
Bottom of the 1st over - 0 runs, 0 hits, 0 errors, 0 left on base; Colorado (EL) 0 - Reading 0 |
TOP OF THE 2ND |
Colorado (EL) Rockies batting - Pitching for Reading Fightin Phils : RHP Manny Cordova
|
Batting: LHB Harry Folsom
|
0-0: Called Strike 0-1: Ball 1-1: Swinging Strike 1-2: Strikes out swinging
|
Batting: LHB Mike Clark
|
0-0: Ball 1-0: Foul Ball, location: 2F 1-1: Swinging Strike 1-2: Ball 2-2: Ball 3-2: SINGLE (Groundball, 34D, EV 99.4 MPH) (infield hit)
|
Batting: RHB Zach Sommer
|
0-0: Foul Ball, location: 2F 0-1: Ball 1-1: Called Strike 1-2: Ball 2-2: Foul Ball, location: 2F 2-2: Grounds into double play, 6-4-3 (Groundball, 6, EV 83.1 MPH)
|
Top of the 2nd over - 0 runs, 1 hit, 0 errors, 0 left on base; Colorado (EL) 0 - Reading 0 |
BOTTOM OF THE 2ND |
Reading Fightin Phils batting - Pitching for Colorado (EL) Rockies : LHP Vinny Duarte
|
Batting: RHB Abel Surraca
|
0-0: Ball 1-0: Ground out 6-3 (Groundball, 6, EV 95.6 MPH)
|
Batting: RHB Victor Arroyo
|
0-0: Ball 1-0: Called Strike 1-1: Ball 2-1: Ball 3-1: Called Strike 3-2: Fly out, F8 (Line Drive, 8RM, EV 98.1 MPH)
|
Batting: RHB Kyle Reilly
|
0-0: Reached on error, E5 (Groundball, 56S, EV 81.2 MPH)
|
Batting: LHB Alex Fernandez
|
0-0: Ball 1-0: Called Strike 1-1: Ball 2-1: Called Strike 2-2: Ground out U3 (Groundball, 3, EV 78.8 MPH)
|
Bottom of the 2nd over - 0 runs, 0 hits, 1 error, 1 left on base; Colorado (EL) 0 - Reading 0 |
TOP OF THE 3RD |
Colorado (EL) Rockies batting - Pitching for Reading Fightin Phils : RHP Manny Cordova
|
Batting: RHB Kevin McKasson
|
0-0: Swinging Strike 0-1: Foul Ball, location: 2F 0-2: Ground out 5-3 (Groundball, 56, EV 82.5 MPH)
|
Batting: LHB Seung-jun Chang
|
0-0: Called Strike 0-1: Swinging Strike 0-2: Ball 1-2: Ball 2-2: SINGLE (Line Drive, 89S, EV 99.4 MPH)
|
Batting: RHB Mike McElroy
|
0-0: Called Strike Seung-jun Chang steals 2nd base (no throw) 0-1: Ball 1-1: Ball 2-1: Swinging Strike 2-2: Foul Ball, location: 2F 2-2: Ball 3-2: Strikes out swinging
|
Batting: LHB Tomoya Hashimoto
|
0-0: Ball 1-0: Ball 2-0: Ball 3-0: Base on Balls
|
Batting: SHB Jeff Sorrels
|
0-0: Called Strike 0-1: Foul Ball, location: 2F 0-2: Ball 1-2: Strikes out looking
|
Top of the 3rd over - 0 runs, 1 hit, 0 errors, 2 left on base; Colorado (EL) 0 - Reading 0 |
BOTTOM OF THE 3RD |
Reading Fightin Phils batting - Pitching for Colorado (EL) Rockies : LHP Vinny Duarte
|
Batting: RHB Jake Cox
|
0-0: Foul Ball, location: 2F 0-1: DOUBLE (Line Drive, 9LS, EV 110.0 MPH)
|
Batting: RHB Josh Baker
|
0-0: Swinging Strike 0-1: Called Strike 0-2: Foul Ball, location: 2F 0-2: Strikes out swinging
|
Batting: RHB Prabhukumar Santhanakrishnan
|
0-0: Ball 1-0: Ground out 1-3 (Groundball, 15S, EV 69.4 MPH)
|
Batting: RHB Mark Schultz
|
0-0: Ball 1-0: Ball 2-0: Ball 3-0: Called Strike 3-1: Foul Ball, location: 2F 3-2: Base on Balls
|
Batting: LHB Josh George
|
0-0: Ball 1-0: Ball 2-0: Ball 3-0: Called Strike 3-1: Base on Balls Jake Cox to third Mark Schultz to second
|
Batting: RHB Abel Surraca
|
0-0: SINGLE (Groundball, 56, EV 101.9 MPH) (infield hit) Jake Cox scores Mark Schultz to third Josh George to second
|
Batting: RHB Victor Arroyo
|
0-0: Called Strike 0-1: Foul Ball, location: 2F 0-2: Foul Ball, location: 2F 0-2: Foul Ball, location: 2F 0-2: Ball 1-2: Strikes out swinging
|
Bottom of the 3rd over - 1 run, 2 hits, 0 errors, 3 left on base; Colorado (EL) 0 - Reading 1 |
TOP OF THE 4TH |
Colorado (EL) Rockies batting - Pitching for Reading Fightin Phils : RHP Manny Cordova
|
Batting: LHB Matt Calitri
|
0-0: Ball 1-0: Ball 2-0: Called Strike 2-1: Ball 3-1: Called Strike 3-2: Base on Balls
|
Batting: LHB Harry Folsom
|
0-0: Fielders Choice at 2nd, 5-4 (Groundball, 56, EV 101.2 MPH)
|
Batting: LHB Mike Clark
|
0-0: Ball 1-0: Ball 2-0: Foul Ball, location: 2F 2-1: Ball 3-1: Foul Ball, location: 2F 3-2: Strikes out swinging
|
Batting: RHB Zach Sommer
|
0-0: Ball Harry Folsom is caught stealing 2nd base 2-4
|
Top of the 4th over - 0 runs, 0 hits, 0 errors, 0 left on base; Colorado (EL) 0 - Reading 1 |
BOTTOM OF THE 4TH |
Reading Fightin Phils batting - Pitching for Colorado (EL) Rockies : LHP Vinny Duarte
|
Batting: RHB Kyle Reilly
|
0-0: Fly out, F8 (Flyball, 8RM, EV 83.8 MPH)
|
Batting: LHB Alex Fernandez
|
0-0: Called Strike 0-1: Ball 1-1: Ball 2-1: Foul Ball, location: 2F 2-2: Strikes out looking
|
Batting: RHB Jake Cox
|
0-0: Swinging Strike 0-1: Foul Ball, location: 2F 0-2: Ball 1-2: Foul Ball, location: 2F 1-2: Ball 2-2: Foul Ball, location: 2F 2-2: Ball 3-2: Base on Balls
|
Batting: RHB Josh Baker
|
0-0: Foul Ball, location: 2F 0-1: Called Strike 0-2: Foul Ball, location: 2F 0-2: Strikes out swinging
|
Bottom of the 4th over - 0 runs, 0 hits, 0 errors, 1 left on base; Colorado (EL) 0 - Reading 1 |
TOP OF THE 5TH |
Colorado (EL) Rockies batting - Pitching for Reading Fightin Phils : RHP Manny Cordova
|
Batting: RHB Zach Sommer
|
0-0: Foul Ball, location: 2F 0-1: Ball 1-1: Ball 2-1: Ground out 6-3 (Groundball, 6, EV 82.5 MPH)
|
Batting: RHB Kevin McKasson
|
0-0: Called Strike 0-1: Ball 1-1: Ball 2-1: Swinging Strike 2-2: Strikes out swinging
|
Batting: LHB Seung-jun Chang
|
0-0: Ball 1-0: Foul Ball, location: 2F 1-1: Ball 2-1: Foul Ball, location: 2F 2-2: Ball 3-2: Foul Ball, location: 2F 3-2: Strikes out swinging
|
Top of the 5th over - 0 runs, 0 hits, 0 errors, 0 left on base; Colorado (EL) 0 - Reading 1 |
BOTTOM OF THE 5TH |
Reading Fightin Phils batting - Pitching for Colorado (EL) Rockies : LHP Vinny Duarte
|
Batting: RHB Prabhukumar Santhanakrishnan
|
0-0: Foul Ball, location: 2F 0-1: Foul Ball, location: 2F 0-2: Fly out, F3 (Popup, 3S, EV 66.9 MPH)
|
Batting: RHB Mark Schultz
|
0-0: SINGLE (Line Drive, 78S, EV 94.4 MPH)
|
Batting: LHB Josh George
|
0-0: Called Strike 0-1: DOUBLE (Flyball, 8LXD, EV 109.4 MPH) Mark Schultz to third
|
Batting: RHB Abel Surraca
|
0-0: Ball 1-0: Swinging Strike 1-1: Foul Ball, location: 2F 1-2: Ball 2-2: Strikes out looking
|
Batting: RHB Victor Arroyo
|
0-0: Called Strike 0-1: Called Strike 0-2: Ball 1-2: Foul Ball, location: 2F 1-2: Ball 2-2: Ball 3-2: SINGLE (Line Drive, 78S, EV 90.6 MPH) Mark Schultz scores Josh George to third
|
Batting: RHB Kyle Reilly
|
0-0: Ball 1-0: TRIPLE (Flyball, 78XD, EV 94.4 MPH) Josh George scores Victor Arroyo scores
|
Pinch Runner at 3rd Steve Jones:
|
|
Batting: LHB Alex Fernandez
|
0-0: Ball 1-0: Ball 2-0: Ground out 5-3 (Groundball, 5, EV 85.6 MPH)
|
Bottom of the 5th over - 3 runs, 4 hits, 0 errors, 1 left on base; Colorado (EL) 0 - Reading 4 |
TOP OF THE 6TH |
Colorado (EL) Rockies batting - Pitching for Reading Fightin Phils : RHP Manny Cordova
|
Now at 1B: Jake Cox
|
|
Now at 2B: Steve Jones
|
|
Batting: RHB Mike McElroy
|
0-0: Ball 1-0: Ball 2-0: Ball 3-0: Base on Balls
|
Batting: LHB Tomoya Hashimoto
|
0-0: Swinging Strike 0-1: Called Strike 0-2: Grounds into double play, 4-6-3 (Groundball, 34S, EV 95.0 MPH)
|
Batting: SHB Jeff Sorrels
|
0-0: Called Strike 0-1: Ball 1-1: Swinging Strike 1-2: DOUBLE (Line Drive, 9LM, EV 111.2 MPH) - OUT at third base trying to stretch hit.
|
Top of the 6th over - 0 runs, 1 hit, 0 errors, 0 left on base; Colorado (EL) 0 - Reading 4 |
BOTTOM OF THE 6TH |
Reading Fightin Phils batting - Pitching for Colorado (EL) Rockies : LHP Vinny Duarte
|
Batting: RHB Jake Cox
|
0-0: Ball 1-0: Ball 2-0: Ground out 5-3 (Groundball, 56, EV 82.5 MPH)
|
Pitching: RHP James Bitner
|
|
Batting: RHB Josh Baker
|
0-0: Ground out 4-3 (Groundball, 4, EV 78.1 MPH)
|
Batting: RHB Prabhukumar Santhanakrishnan
|
0-0: Called Strike 0-1: Ball 1-1: Ball 2-1: Called Strike 2-2: Foul Ball, location: 2F 2-2: Fly out, F7 (Line Drive, 7LM, EV 91.2 MPH)
|
Bottom of the 6th over - 0 runs, 0 hits, 0 errors, 0 left on base; Colorado (EL) 0 - Reading 4 |
TOP OF THE 7TH |
Colorado (EL) Rockies batting - Pitching for Reading Fightin Phils : RHP Manny Cordova
|
Pitching: LHP Roger Farley
|
|
Batting: LHB Matt Calitri
|
0-0: Called Strike 0-1: Ball 1-1: Ball 2-1: Foul Ball, location: 2F 2-2: Strikes out looking
|
Batting: LHB Harry Folsom
|
0-0: Ball 1-0: Ball 2-0: Called Strike 2-1: Ball 3-1: Foul Ball, location: 2F 3-2: Base on Balls
|
Batting: LHB Mike Clark
|
0-0: Ball 1-0: Called Strike 1-1: Called Strike 1-2: Ball 2-2: SINGLE (Groundball, 4M, EV 79.4 MPH) (infield hit) Harry Folsom to second
|
Batting: RHB Zach Sommer
|
0-0: Ball 1-0: Ball 2-0: Called Strike 2-1: Foul Ball, location: 2F 2-2: Grounds into double play, 4-6-3 (Groundball, 4M, EV 85.6 MPH)
|
Top of the 7th over - 0 runs, 1 hit, 0 errors, 1 left on base; Colorado (EL) 0 - Reading 4 |
BOTTOM OF THE 7TH |
Reading Fightin Phils batting - Pitching for Colorado (EL) Rockies : RHP James Bitner
|
Batting: RHB Mark Schultz
|
0-0: SINGLE (Line Drive, 8LS, EV 105.0 MPH)
|
Batting: LHB Josh George
|
0-0: Ball 1-0: Foul Ball, location: 2F 1-1: Ball 2-1: Ball 3-1: Swinging Strike 3-2: Strikes out looking
|
Batting: RHB Abel Surraca
|
0-0: Called Strike Mark Schultz steals 2nd base (no throw) 0-1: Ground out 5-3 (Groundball, 5L, EV 91.9 MPH)
|
Batting: RHB Victor Arroyo
|
0-0: Ball 1-0: Ball 2-0: Ball 3-0: Base on Balls
|
Batting: RHB Steve Jones
|
0-0: Foul Ball, location: 2F 0-1: Ground out 4-3 (Groundball, 4, EV 91.2 MPH)
|
Bottom of the 7th over - 0 runs, 1 hit, 0 errors, 2 left on base; Colorado (EL) 0 - Reading 4 |
TOP OF THE 8TH |
Colorado (EL) Rockies batting - Pitching for Reading Fightin Phils : LHP Roger Farley
|
Pitching: RHP Pat Richardson
|
|
Batting: RHB Kevin McKasson
|
0-0: Fly out, F9 (Flyball, 9S, EV 93.8 MPH)
|
Batting: LHB Seung-jun Chang
|
0-0: Called Strike 0-1: Ball 1-1: Ball 2-1: Swinging Strike 2-2: Foul Ball, location: 2F 2-2: Ball 3-2: Foul Ball, location: 2F 3-2: Strikes out looking
|
Batting: RHB Mike McElroy
|
0-0: Foul Ball, location: 2F 0-1: Called Strike 0-2: Strikes out swinging
|
Top of the 8th over - 0 runs, 0 hits, 0 errors, 0 left on base; Colorado (EL) 0 - Reading 4 |
BOTTOM OF THE 8TH |
Reading Fightin Phils batting - Pitching for Colorado (EL) Rockies : RHP James Bitner
|
Batting: LHB Alex Fernandez
|
0-0: Ball 1-0: Ball 2-0: Ball 3-0: Called Strike 3-1: Base on Balls
|
Batting: RHB Jake Cox
|
0-0: Ball 1-0: Bunted foul 1-1: Bunt missed! 1-2: Fly out, F8 (Line Drive, 8RM, EV 104.4 MPH)
|
Batting: RHB Josh Baker
|
0-0: Foul Ball, location: 2F 0-1: Ball 1-1: Ball 2-1: Foul Ball, location: 2F 2-2: Ball 3-2: Foul Ball, location: 2F 3-2: Foul Ball, location: 2F 3-2: Base on Balls Alex Fernandez to second
|
Batting: RHB Prabhukumar Santhanakrishnan
|
0-0: Ball 1-0: Foul Ball, location: 2F 1-1: Swinging Strike 1-2: Ball 2-2: Foul Ball, location: 2F 2-2: SINGLE (Line Drive, 6D, EV 100.0 MPH) Alex Fernandez to third Josh Baker to second
|
Batting: RHB Mark Schultz
|
0-0: Foul Ball, location: 2F 0-1: Ball 1-1: Called Strike 1-2: Strikes out swinging
|
Pitching: RHP Yuan-zhang Pi
|
|
Batting: LHB Josh George
|
0-0: Called Strike 0-1: Fly out, F8 (Flyball, 8RM, EV 96.2 MPH)
|
Bottom of the 8th over - 0 runs, 1 hit, 0 errors, 3 left on base; Colorado (EL) 0 - Reading 4 |
TOP OF THE 9TH |
Colorado (EL) Rockies batting - Pitching for Reading Fightin Phils : RHP Pat Richardson
|
Batting: LHB Tomoya Hashimoto
|
0-0: Called Strike 0-1: DOUBLE (Line Drive, 9LM, EV 91.2 MPH)
|
Batting: SHB Jeff Sorrels
|
0-0: Fly out, F5 (Line Drive, 5L, EV 60.6 MPH)
|
Batting: LHB Matt Calitri
|
0-0: Ball 1-0: Ground out U3 (Groundball, 3, EV 103.8 MPH) Tomoya Hashimoto to third
|
Batting: LHB Harry Folsom
|
0-0: Called Strike 0-1: Foul Ball, location: 2F 0-2: Strikes out swinging
|
Top of the 9th over - 0 runs, 1 hit, 0 errors, 1 left on base; Colorado (EL) 0 - Reading 4 |
|